 Dungeon Sprint DCSS version 0.28.0-49-g6dfe1f597d (webtiles) character file.

Game seed: 4708909788455315958

31227 Revguard the Severer (level 13, -34/117 HPs)
             Began as a Hill Orc Fighter on May 13, 2022.
             Was the Champion of Beogh.
             Killed from afar by a frost giant (42 damage)
             ... with a bolt of cold
             ... in the Dungeon (Sprint V: "Ziggurat Sprint").
             The game lasted 00:20:36 (1651 turns).

Revguard the Severer (Hill Orc Fighter)             Turns: 1651, Time: 00:20:38

Health: -34/117    AC: 32    Str: 34    XL:     13   Next: 56%
Magic:  0/34       EV:  7    Int:  8    God:    Beogh [******]
Gold:   0          SH: 31    Dex: 12    Spells: 12/12 levels left

rFire   . . .      SeeInvis +   E - +14 obsidian axe {vorpal, Mesm Drain Fly SInv}
rCold   . . .      Faith    .   G - +18 shield of the Gong {rElec rN+ Will+ EV-5}
rNeg    + . .      Spirit   +   F - +15 Maxwell's patent armour {-Cast -Tele rElec Will+ rCorr}
rPois   .          Reflect  .   (no helmet)
rElec   +          Harm     .   u - +0 cloak {Will+}
rCorr   +          Rampage  .   X - +2 pair of gloves {Str+3}
Will    +++..      Rage     1%  (no boots)
Stlth   .......... NoTele   +   L - amulet "Hug Kilu" {Spirit +Inv}
HPRegen 0.29/turn  NoCast   +   y - +6 ring of strength
MPRegen 0.24/turn               W - ring of Vimmouxt {rElec MP+9 Str+3 SInv Stlth+}

@: flying, mesmerised
A: walk on water, berserk 1, deformed body, frail 1
a: Renounce Religion, Evoke Invisibility, Smiting, Recall Orcish Followers, Give
Item to Named Follower, Resurrection


You were in the Dungeon.
You worshipped Beogh.
Beogh was exalted by your worship.
You visited 1 branch

Inventory:

Hand Weapons
 E - the +14 obsidian axe (weapon) {vorpal, Mesm Drain Fly SInv}
   (You found it in the Dungeon)

   It inflicts extra damage upon your enemies.
   It occasionally summons demons to assist the wielder when it strikes in
   combat.
   Its wielder is mesmerised by any visible foes.
   It cannot be unequipped while any foes are visible.
   SInv:      It lets you see invisible.
   Fly:       It grants you flight.
   Drain:     It drains your maximum health when unequipped.
 I - a +6 vorpal battleaxe
 K - a +4 spear of venom
 M - a +2 battleaxe of flaming
 N - a +4 antimagic trident
 Y - the +9 arbalest "Tose" {flame, Int+3}
   (You found it in the Dungeon)

   Any ammunition fired from it burns those it strikes, dealing additional fire
   damage.
   Int:       It affects your intelligence (+3).
Armour
 c - the +3 buckler "Qushidd" {*Corrode rPois Str+8 Int-4}
   (You found it in the Dungeon)

   Str:       It affects your strength (+8).
   Int:       It affects your intelligence (-4).
   rPois:     It protects you from poison.
   *Corrode:  It may corrode you when you take damage.
 u - a +0 cloak of willpower (worn)
 z - the +1 tower shield "Wyseuc" {Int+6}
   (You found it in the Dungeon)

   Int:       It affects your intelligence (+6).
 F - the +15 Maxwell's patent armour (worn) {-Cast -Tele rElec Will+ rCorr}
   (You found it in the Dungeon)

   rElec:     It insulates you from electricity.
   -Cast:     It prevents spellcasting.
   -Tele:     It prevents most forms of teleportation.
   rCorr:     It protects you from acid and corrosion.
   Will:      It increases your willpower.
 G - the +18 shield of the Gong (worn) {rElec rN+ Will+ EV-5}
   (You found it in the Dungeon)

   It is deafeningly noisy when blocking attacks.
   EV:        It affects your evasion (-5).
   rElec:     It insulates you from electricity.
   rN:        It protects you from negative energy.
   Will:      It increases your willpower.
 H - +0 steam dragon scales
 R - a +2 plate armour of positive energy
 U - +1 fire dragon scales
 V - the +8 ice dragon scales "Ohay" {rElec rF- rC++}
   (You found it in the Dungeon)

   rF:        It makes you vulnerable to fire.
   rC:        It greatly protects you from cold.
   rElec:     It insulates you from electricity.
 X - a +2 pair of gloves of strength (worn)
Jewellery
 b - a ring of positive energy
 t - a ring of flight
 v - a ring of wizardry
 w - a ring of see invisible
 x - a +4 ring of protection
 y - a +6 ring of strength (left hand)
 L - the amulet "Hug Kilu" (around neck) {Spirit +Inv}
   (You found it in the Dungeon)

   [amulet of guardian spirit]

   It causes incoming damage to be divided between your reserves of health and
   magic.
   +Inv:      It lets you turn invisible.
 Q - a ring of protection from fire
 S - a ring of protection from cold
 T - the dreamshard necklace {*Dream Drain}
   (You found it in the Dungeon)

   [amulet of nothing]

   It shatters if its wearer takes lethal or near-lethal damage, preventing the
   blow and releasing protective dreams that heal and fight for the wearer.
   Drain:     It drains your maximum health when unequipped.
 W - the ring of Vimmouxt (right hand) {rElec MP+9 Str+3 SInv Stlth+}
   (You found it in the Dungeon)

   [ring of magical power]

   Str:       It affects your strength (+3).
   rElec:     It insulates you from electricity.
   MP:        It affects your magic capacity (+9).
   SInv:      It lets you see invisible.
   Stlth:     It makes you more stealthy.
 Z - a +6 ring of strength
Wands
 B - a wand of mindburst (6)
 C - a wand of iceblast (7)
 D - a wand of acid (7)
Scrolls
 j - 4 scrolls of blinking
 o - 4 scrolls of amnesia
 p - 7 scrolls of fog
 q - 2 scrolls of holy word
 r - 5 scrolls of identify
 s - 2 scrolls of fear
 J - 6 scrolls of brand weapon
Potions
 d - 7 potions of might
 e - 7 potions of curing
 f - 11 potions of heal wounds
 g - 6 potions of haste
 h - 7 potions of magic
 i - 3 potions of berserk rage
 k - 2 potions of brilliance
 l - 2 potions of invisibility
 m - 4 potions of resistance
Miscellaneous
 a - a box of beasts (inert)
 n - a tin of tremorstones (2/2)
 A - a lightning rod (4/4)
 O - a condenser vane (inert)
 P - a piece from Xom's chessboard (15/15)


   Skills:
 + Level 16.8 Fighting
 + Level 17.9 Axes
 + Level 15.4 Armour
 + Level 11.8 Dodging
 + Level 15.4 Shields
 + Level 17.6 Invocations
 + Level 16.9 Evocations


You had 12 spell levels left.
You didn't know any spells.
Your spell library contained the following spells:

 Spells                   Type           Power      Damage    Failure   Level
 Animate Skeleton         Necr           0%         N/A       97%         1
 Foxfire                  Conj/Fire      0%         2x1d4     97%         1
 Magic Dart               Conj           0%         1d3       97%         1
 Pain                     Necr           0%         1d4       97%         1
 Slow                     Hex            0%         N/A       97%         1
 Blink                    Tloc           0%         N/A       99%         2
 Call Imp                 Summ           0%         N/A       99%         2
 Corpse Rot               Necr/Air       0%         N/A       99%         2
 Ensorcelled Hibernation  Hex/Ice        0%         N/A       99%         2
 Passwall                 Tmut/Erth      0%         N/A       99%         2
 Conjure Flame            Conj/Fire      0%         6-21      100%        3
 Inner Flame              Hex/Fire       0%         N/A       100%        3
 Lesser Beckoning         Tloc           0%         N/A       100%        3
 Mephitic Cloud           Conj/Pois/Air  0%         N/A       100%        3
 Swiftness                Air            0%         N/A       100%        3
 Vampiric Draining        Necr           0%         2d6       100%        3
 Dispel Undead            Necr           0%         3d6       100%        4
 Flame Wave               Conj/Fire      0%         2d4       100%        4
 Agony                    Necr           0%         N/A       100%        5
 Excruciating Wounds      Necr           0%         N/A       100%        5
 Manifold Assault         Tloc           0%         N/A       100%        5
 Summon Forest            Summ/Tloc      0%         N/A       100%        5
 Summon Mana Viper        Hex/Summ       0%         N/A       100%        5
 Death Channel            Necr           0%         N/A       100%        6
 Starburst                Conj/Fire      0%         6d3       100%        6
 Summon Cactus Giant      Summ           0%         N/A       100%        6
 Haunt                    Necr/Summ      0%         N/A       100%        7
 Death's Door             Necr           0%         N/A       100%        9


Dungeon Overview and Level Annotations

Branches:
Dungeon (1/1)

Altars:
Ashenzari
Cheibriados
Dithmenos
Elyvilon
Fedhas
Gozag
Hepliaklqana
Kikubaaqudgha
Makhleb
Nemelex Xobeh
Okawaru
Qazlal
Ru
Sif Muna
Trog
Uskayaw
Vehumet
Wu Jian
Xom
Yredelemnul
Zin
The Shining One
Beogh
Jiyva
Lugonu


Innate Abilities, Weirdness & Mutations

You can walk on water.
You tend to lose your temper in combat.
Armour fits poorly on your strangely shaped body.
You are frail. (-10% HP)


Message History

Your orc wizard dies!
The frost giant is engulfed in negative energy.
The giant cockroach simulacrum waves its antennae.
The hellion gestures at you.
The sphere of damnation explodes!
The damnation engulfs you!
The damnation engulfs your elder weirdbat beast!!
The damnation engulfs your soul eater!!
Your soul eater dies!
Your soul eater disappears in a puff of smoke!
A quokka simulacrum comes into view.
An adder simulacrum and a tormentor come into view.
Found nine items.
The hellion gestures at you.
The sphere of damnation explodes!
The damnation engulfs you!
The damnation engulfs your elder weirdbat beast!!
The Ice Fiend gestures at you.
The bolt of cold hits the quokka simulacrum.
The quokka simulacrum completely resists.
The bolt of cold hits the freezing wraith.
The freezing wraith completely resists.
The bolt of cold hits the giant cockroach simulacrum.
The giant cockroach simulacrum completely resists.
The bolt of cold hits your elder weirdbat beast!!!
Your elder weirdbat beast dies!
Your elder weirdbat beast's corpse disappears in a puff of smoke!
The bolt of cold hits you!!!
* * * LOW HITPOINT WARNING * * *
You feel much better.
The tormentor calls on the powers of darkness!
The frost giant convulses!
Your body is wracked with pain!
* * * LOW HITPOINT WARNING * * *
The hellion gestures at you.
The sphere of damnation explodes!
The damnation engulfs you!!
* * * LOW HITPOINT WARNING * * *
The damnation engulfs the adder simulacrum!!
The adder simulacrum vaporises!
The frost giant points at you and mumbles some strange words.
The bolt of cold hits the freezing wraith.
The freezing wraith completely resists.
The bolt of cold hits you!!!
You die...

▓...).|.)|
▓..[)})[|)[)..▓.........
▓..}§§§2§§§§§.▓....÷....
▓...1Z22§§§§§.▓.........
▓...§§§§Z§§§§.▓.........
▓...Z§§2..Z...▓..▓.....▓
▓...ZWZCZ.....▓.▓▓▓...▓▓
▓.....ZW○.....▓..▓.....▓
▓...@...▓ ▓.....©... ▓
▓▓...).▓▓ ▓▓▓▓▓▓▓▓▓▓
▓..▓..))...▓..▓....8©8..
▓.............▓...|[))..
▓......©......▓...}=})..
▓▓▓▓▓▓▓▓▓▓▓▓▓▓▓.........
▓......... ▓.....[...
▓.....)...


You could see a frost giant (mesmerising, drained), an Ice Fiend, 2 freezing
wraiths, 2 hellions, 2 tormentors, a bat simulacrum, a ball python simulacrum,
an adder simulacrum, 3 quokka simulacra and 2 giant cockroach simulacra.

Vanquished Creatures
  2 draconian scorchers (D)
  A deep elf sorcerer (D)
  A ghost moth (shapeshifter) (D)
  A draconian annihilator (D)
  A black draconian (D)
  A starcursed mass (D)
  2 yellow draconians (D)
  A white draconian (D)
  A red draconian (D)
  2 purple draconians (D)
  A naga warrior (D)
  2 anacondas (D)
  An anaconda (shapeshifter) (D)
  A shock serpent (shapeshifter) (D)
  2 fire crabs (shapeshifter) (D)
  A glowing orange brain (D)
  A glowing orange brain (shapeshifter) (D)
  A harpy (shapeshifter) (D)
  An orc sorcerer (D)
  2 ugly things (D)
  3 shining eyes (D)
  A shining eye (shapeshifter) (D)
  2 cyclopes (shapeshifter) (D)
  A moth of wrath (shapeshifter) (D)
  An orc warrior (D)
  A black mamba (D)
  A guardian serpent (D)
  3 naga magi (D)
  2 cane toads (D)
  2 yaktaurs (shapeshifter) (D)
  A rime drake (D)
  A guardian mummy (D)
  A meliai (shapeshifter) (D)
  A small abomination (D)
  2 flying skulls (D)
  2 spriggans (shapeshifter) (D)
  A ynoxinul (D)
  An ushabti (D)
  A basilisk (D)
  A yak (D)
  4 neqoxecs (D)
  A steam dragon (D)
  A floating eye (shapeshifter) (D)
  3 water moccasins (D)
  4 nagas (D)
  2 hell hounds (D)
  2 orc priests (D)
  A black bear (shapeshifter) (D)
  A wolf (D)
  2 necrophages (D)
  A phantom (D)
  2 wights (D)
  A crimson imp (D)
  An iron imp (D)
  An iguana (D)
  4 mummies (D)
  A river rat (D)
  3 adders (D)
  3 shadow imps (D)
  2 ufetubi (D)
  2 adder zombies (D)
  2 adder skeletons (D)
  An orc (D)
  2 ball pythons (D)
  2 bat zombies (D)
  3 jackals (D)
  3 ball python skeletons (D)
  A ball python zombie (D)
  A giant cockroach zombie (D)
112 creatures vanquished.

Vanquished Creatures (collateral kills)
  A nagaraja (D)
  A draconian monk (D)
  A yellow draconian (D)
  A mummy priest (D)
  A great orb of eyes (D)
  A naga warrior (D)
  A rime drake (D)
  A komodo dragon (D)
  A yak (D)
  A large abomination (D)
  A water moccasin (D)
  A swamp drake (D)
  A wolf (D)
  A phantom (D)
  A bullfrog (D)
  An orc wizard (D)
  A shadow imp (D)
  A white imp (D)
  2 adder zombies (D)
  A ball python zombie (D)
21 creatures vanquished.

Vanquished Creatures (others)
  4 orc wizards (D)
  3 orc warriors (D)
  A steam dragon (D)
  2 orc priests (D)
  An adder simulacrum (D)
  2 orcs (D)
  A bat simulacrum (D)
14 creatures vanquished.

Grand Total: 147 creatures vanquished

Notes
Turn   | Place    | Note
-------+----------+-------------------------------------------
     0 | D        | Revguard the Hill Orc Fighter began the quest for the Orb.
     0 | D        | Reached XP level 1. HP: 19/19 MP: 1/1
     0 | D        | Found a blossoming altar of Fedhas.
     0 | D        | Found the +6 Majin-Bo {vamp, MP+6 Int+6}
     0 | D        | Found the +9 heavy crossbow "Sniper" {vorpal, Acc+∞ SInv}
     0 | D        | Found the +10 dark maul {vorpal}
     0 | D        | Found the +15 Maxwell's patent armour {-Cast -Tele rElec
                  | Will+ rCorr}
     0 | D        | Found the +18 shield of the Gong {rElec rN+ Will+ EV-5}
     0 | D        | Found the +14 obsidian axe {vorpal, Mesm Drain Fly SInv}
     0 | D        | Found the +7 great mace "Firestarter" {inner flame, rF++}
     0 | D        | Found the +6 shillelagh "Devastator" {shatter}
     0 | D        | Found the +11 plutonium sword {Contam Stlth-}
     0 | D        | Found the +8 lance "Wyrmbane" {slay drac, rPois rF+ rC+
                  | AC+3}
     0 | D        | Found the +9 sword of Zonguldrok {reap}
     0 | D        | Found the +13 scythe of Curses {drain, Drain}
     0 | D        | Found the +5 sword of Power {vorpal}
     0 | D        | Found the +7 mace of Variability {chain chaos}
     0 | D        | Found the +7 Singing Sword {vorpal, sonic wave}
     0 | D        | Found the +8 storm bow {elec, penet}
     1 | D        | Found a viscous altar of Jiyva.
     1 | D        | Found a hazy altar of Hepliaklqana.
     1 | D        | Found a transporter.
     1 | D        | Found an opulent altar of Gozag.
     1 | D        | Found an ancient bone altar of Kikubaaqudgha.
     1 | D        | Found a corrupted altar of Lugonu.
     6 | D        | Became a worshipper of Beogh the Brigand
    13 | D        | Found a shimmering blue altar of Sif Muna.
    13 | D        | Found a bloodstained altar of Trog.
    13 | D        | Found a sacrificial altar of Ru.
    13 | D        | Found a stormy altar of Qazlal.
    13 | D        | Found an iron altar of Okawaru.
    14 | D        | Found a sparkling altar of Nemelex Xobeh.
    16 | D        | Found a burning altar of Makhleb.
    85 | D        | Reached XP level 2. HP: 28/28 MP: 1/4
   121 | D        | Entered arena 2.
   121 | D        | Found a transporter.
   125 | D        | Reached skill level 5 in Fighting
   125 | D        | Reached XP level 3. HP: 36/36 MP: 5/5
   130 | D        | Entered arena 3.
   130 | D        | Noticed a phantom
   130 | D        | Found a transporter.
   134 | D        | Reached * piety under Beogh
   135 | D        | Reached skill level 5 in Axes
   135 | D        | Reached skill level 5 in Armour
   135 | D        | Reached skill level 5 in Shields
   135 | D        | Reached XP level 4. HP: 42/42 MP: 5/7
   135 | D        | Killed a phantom
   136 | D        | Reached skill level 5 in Invocations
   136 | D        | Reached XP level 5. HP: 50/50 MP: 5/9
   139 | D        | Got the ring of Joy {MP+9 Str-5 Int+4 Stlth+}
   144 | D        | Entered arena 4.
   144 | D        | Found a transporter.
   147 | D        | Reached ** piety under Beogh
   148 | D        | Reached *** piety under Beogh
   222 | D        | Entered arena 5.
   222 | D        | Noticed a great orb of eyes
   222 | D        | Found a transporter.
   230 | D        | Killed a great orb of eyes
   230 | D        | Reached **** piety under Beogh
   231 | D        | Reached skill level 5 in Dodging
   231 | D        | Reached XP level 6. HP: 48/62 MP: 9/12
   231 | D        | Reached XP level 7. HP: 54/69 MP: 9/13
   234 | D        | Got the Handbook of Sinister Hexes
   303 | D        | Entered arena 6.
   303 | D        | Noticed a rime drake
   303 | D        | Noticed a steam dragon
   303 | D        | Noticed a steam dragon
   303 | D        | Noticed a rime drake
   303 | D        | Found a transporter.
   306 | D        | Killed a steam dragon
   306 | D        | Killed a rime drake
   307 | D        | Reached XP level 8. HP: 71/78 MP: 14/14
   309 | D        | Killed a rime drake
   309 | D        | Reached ***** piety under Beogh
   310 | D        | Reached skill level 10 in Axes
   312 | D        | Reached XP level 9. HP: 57/85 MP: 14/16
   431 | D        | Entered arena 7.
   431 | D        | Noticed a cane toad
   432 | D        | Found a transporter.
   439 | D        | Killed a cane toad
   440 | D        | Reached skill level 10 in Fighting
   440 | D        | Reached skill level 10 in Invocations
   446 | D        | Got the amulet "Hug Kilu" {Spirit +Inv}
   471 | D        | Entered arena 8.
   471 | D        | Noticed a naga mage
   472 | D        | Found a transporter.
   476 | D        | Reached ****** piety under Beogh
   477 | D        | Killed a naga mage
   681 | D        | Entered arena 9.
   682 | D        | Found a transporter.
   685 | D        | Noticed an ice devil
   688 | D        | Reached skill level 10 in Armour
   688 | D        | Reached skill level 10 in Shields
   707 | D        | Acquired a manual of Evocations
   716 | D        | Entered arena 10.
   716 | D        | Noticed a cane toad
   716 | D        | Noticed a komodo dragon
   717 | D        | Found a transporter.
   720 | D        | Killed a komodo dragon
   721 | D        | Reached XP level 10. HP: 96/96 MP: 18/18
   724 | D        | Killed a cane toad
   734 | D        | Entered arena 11.
   735 | D        | Found a transporter.
   743 | D        | Reached skill level 10 in Evocations
   752 | D        | Got Sif Muna's Tome of Supportive Fire
   757 | D        | Entered arena 12.
   757 | D        | Noticed an orc sorcerer
   757 | D        | Noticed a glowing orange brain
   758 | D        | Noticed a deep elf sorcerer
   758 | D        | Noticed a starcursed mass
   760 | D        | Found the dreamshard necklace {*Dream Drain}
   761 | D        | Found a transporter.
   762 | D        | Killed a glowing orange brain
   764 | D        | Killed a deep elf sorcerer
   769 | D        | Killed a starcursed mass
   770 | D        | Reached XP level 11. HP: 99/105 MP: 18/20
   803 | D        | Entered arena 13.
   803 | D        | Noticed a mummy priest
   805 | D        | Found a transporter.
   810 | D        | Killed a mummy priest
   911 | D        | Got the ring of Vimmouxt {rElec MP+9 Str+3 SInv Stlth+}
   920 | D        | Entered arena 14.
   921 | D        | Noticed a purple draconian
   921 | D        | Noticed a yellow draconian
   921 | D        | Noticed a red draconian scorcher
   921 | D        | Noticed a yellow draconian annihilator
   921 | D        | Noticed a green draconian monk
   921 | D        | Noticed a black draconian
   921 | D        | Noticed a purple draconian
   921 | D        | Noticed a yellow draconian
   922 | D        | Noticed a red draconian scorcher
   924 | D        | Noticed a red draconian
   925 | D        | Killed a yellow draconian
   925 | D        | Noticed a white draconian
   925 | D        | Killed a green draconian monk
   931 | D        | Killed a red draconian scorcher
   932 | D        | Killed a yellow draconian annihilator
   933 | D        | Killed a purple draconian
   934 | D        | Killed a black draconian
   934 | D        | Killed a yellow draconian
   935 | D        | Reached skill level 15 in Axes
   935 | D        | Reached XP level 12. HP: 27/117 MP: 3/23
   936 | D        | Killed a yellow draconian
   936 | D        | Killed a white draconian
   937 | D        | Reached skill level 10 in Dodging
   937 | D        | Reached skill level 15 in Invocations
   937 | D        | Killed a purple draconian
   939 | D        | Killed a red draconian
   939 | D        | Killed a red draconian scorcher
  1153 | D        | Found a transporter.
  1227 | D        | Entered arena 15.
  1228 | D        | Gained mutation: Armour fits poorly on your strangely
                  | shaped body. [a shining eye]
  1231 | D        | Reached skill level 15 in Fighting
  1231 | D        | Reached skill level 15 in Evocations
  1231 | D        | Gained mutation: You tend to lose your temper in combat. [a
                  | neqoxec]
  1233 | D        | Found a transporter.
  1234 | D        | Gained mutation: You are frail. (-10% HP) [a shining eye]
  1235 | D        | Noticed a shock serpent
  1235 | D        | a deep troll changed into a shock serpent
  1238 | D        | Killed a shock serpent
  1419 | D        | Got the +9 arbalest "Tose" {flame, Int+3}
  1438 | D        | Got the +3 buckler "Qushidd" {*Corrode rPois Str+8 Int-4}
  1459 | D        | Entered arena 16.
  1461 | D        | Noticed an anaconda
  1461 | D        | a water nymph changed into an anaconda
  1463 | D        | Noticed a bunyip
  1463 | D        | a goliath frog changed into a bunyip
  1464 | D        | Killed an anaconda
  1465 | D        | Reached XP level 13. HP: 115/115 MP: 25/25
  1465 | D        | Noticed a ghost moth
  1465 | D        | a bunyip changed into a ghost moth
  1470 | D        | Killed a ghost moth
  1527 | D        | Found a transporter.
  1542 | D        | Got the +1 tower shield "Wyseuc" {Int+6}
  1558 | D        | Entered arena 17.
  1561 | D        | Noticed a naga warrior
  1562 | D        | Noticed a nagaraja
  1562 | D        | Noticed a naga warrior
  1563 | D        | Found a transporter.
  1566 | D        | Reached skill level 15 in Armour
  1566 | D        | Reached skill level 15 in Shields
  1568 | D        | Killed a naga warrior
  1572 | D        | Killed a nagaraja
  1573 | D        | Killed a naga warrior
  1633 | D        | Got the +8 ice dragon scales "Ohay" {rElec rF- rC++}
  1644 | D        | Entered arena 18.
  1647 | D        | Noticed a frost giant
  1648 | D        | Noticed an Ice Fiend
  1651 | D        | Killed from afar by a frost giant

Illustrated notes

Levels and vault maps discovered:
D:        sprint_v [room_start, room_1, room_2, room_3, room_4, room_5, room_6,
          room_7, room_8, room_9, room_10, room_11, room_12, room_13, room_14,
          room_15, room_16, room_17, room_18, room_19, room_20, room_21,
          room_22, room_23, room_24, room_25, room_26, room_27]

Skill      XL: |  1  2  3  4  5  6  7  8  9 10 11 12 13 |
---------------+----------------------------------------+-----
Fighting       | 4 5 6 8 9 11 12 14 15 16 | 16.8
Axes           | 4 5 6 8 9 10 11 13 15 16 17 | 17.9
Armour         | 4 5 7 8 10 11 13 14 15 | 15.4
Dodging        | 2 3 5 6 7 8 9 11 | 11.8
Shields        | 4 5 7 8 10 11 13 14 15 | 15.4
Invocations    | 3 4 5 8 9 11 13 14 16 17 | 17.6
Evocations     | 2 3 4 6 7 9 11 13 16 | 16.9

Action                   |  1- 3 |  4- 6 |  7- 9 | 10-12 | 13-15 || total
-------------------------+-------+-------+-------+-------+-------++-------
Melee: Broad axe         |     5 |     9 |    25 |    33 |    12 ||    84
Invok: Resurrection      |       |       |       |     1 |       ||     1
Evoke: Condenser vane    |       |       |     1 |     6 |     2 ||     9
       Tin of tremorston |       |       |     1 |     3 |     2 ||     6
       Lightning rod     |       |       |       |     2 |       ||     2
       Box of beasts     |       |       |       |     1 |     1 ||     2
       Wand              |       |       |       |       |     1 ||     1
  Use: Potion            |     1 |       |     2 |     3 |     1 ||     7
       Scroll            |       |       |     1 |       |       ||     1
 Stab: Confused          |       |       |     1 |       |       ||     1
       Distracted        |       |       |       |     1 |       ||     1
Armor: Plate armour      |     4 |     3 |    23 |    15 |     8 ||    53
Dodge: Dodged            |       |       |     5 |     5 |     1 ||    11
Block: Kite shield       |     7 |     8 |    49 |    55 |    21 ||   140
